 Dungeon Crawl Stone Soup version 0.28-a0-1382-g92835e5c71 (webtiles) character file.

Game seed: 18343173430601500631

371 Deminshera the Sneak (level 7, -1/43 HPs)
             Began as a Kobold Brigand on Jan 1, 2022.
             Killed from afar by Pikel (25 damage)
             ... with a bolt of acid
             ... on level 4 of the Dungeon.
             The game lasted 00:05:46 (4875 turns).

Deminshera the Sneak (Kobold Brigand)               Turns: 4875, Time: 00:05:46

Health: -1/43      AC:  7    Str: 10    XL:     7   Next: 2%
Magic:  7/7        EV: 12    Int: 13    God:
Gold:   92         SH:  0    Dex: 16    Spells: 6/6 levels left

rFire   . . .      SeeInvis .   m - +0 dagger (venom)
rCold   . . .      Faith    .   (no shield)
rNeg    . . .      Spirit   .   a - +1 ring mail {rPois}
rPois   +          Reflect  .   l - +0 hat
rElec   .          Harm     .   q - +0 cloak
rCorr   .          Rampage  .   (no gloves)
Will    .....                   (no boots)
Stlth   ++++......              (no amulet)
HPRegen 0.14/turn               (no ring)
MPRegen 0.10/turn               (no ring)

@: no status effects
A: small, no large weapons, nightstalker 3
a: no special abilities


You were on level 4 of the Dungeon.
You visited 1 branch of the dungeon, and saw 6 of its levels.

You collected 92 gold pieces.

Inventory:

Hand Weapons
 m - a +0 dagger of venom (weapon)
Missiles
 d - 7 poisoned darts (quivered)
 e - 2 curare-tipped darts
 n - a throwing net
Armour
 a - a +1 ring mail of poison resistance (worn)
 c - a +0 cloak
 l - a +0 hat (worn)
 q - a +0 cloak (worn)
Wands
 b - a wand of flame (47)
Scrolls
 i - 2 scrolls of enchant armour
 j - 4 scrolls of identify
 o - a scroll of magic mapping {unknown}
 r - a scroll of acquirement {unknown}
Potions
 f - a potion of resistance {unknown}
 g - 3 potions of curing {unknown}
 h - 2 potions of degeneration {unknown}
 k - a potion of flight {unknown}
 p - 2 potions of heal wounds {unknown}


   Skills:
 + Level 4.2 Fighting
 * Level 6.7 Short Blades
 - Level 2.1 Throwing
 - Level 1.2 Dodging
 + Level 7.1 Stealth


You had 6 spell levels left.
You didn't know any spells.
Your spell library was empty.

Dungeon Overview and Level Annotations

Branches:
Dungeon (6/15)             Temple (0/1) D:5

Altars:
Yredelemnul

Annotations:
D:4 Pikel


Innate Abilities, Weirdness & Mutations

You are small and have problems with some larger weapons.
You are completely attuned to the shadows.


Message History

The lemure is moderately wounded.
You hit the lemure.
The lemure is heavily wounded.
The lemure hits you but does no damage.
You hit the lemure.
The lemure is severely wounded.
The lemure hits you.
There is a stone staircase leading up here.
The lemure completely misses you.
You closely miss the lemure.
The lemure is almost dead.
You hit the lemure but do no damage.
The lemure looks as sick as possible!
The lemure is almost dead.
The lemure closely misses you.
You hit the lemure.
The lemure is almost dead.
The lemure hits you!
You climb upwards.
There is a stone staircase leading down here.
You start resting.
HP restored.
You start waiting.
Done waiting.
You climb downwards.
Level annotation: Pikel The lemure shouts! x2
The lemure completely misses you.
Pikel hits you with a +1 whip of flaming.
Pikel burns you.
You hear a shout!
There is a stone staircase leading up, spattered with blood here.
The lemure hits you. x2
Pikel hits you with a +1 whip of flaming.
Pikel burns you.
You climb upwards.
There is a stone staircase leading down here.
Unknown command.
The lemure misses you. x2; Pikel zaps a wand.
The bolt of acid hits you!!
Ouch! That really hurt!
You die...

.... .... ....
...K## ...5>##
...#@5####
..........
......######.
.............
...##.........#
..###.........#
..............#
..............#
.....##.#######


You could see Pikel and 2 lemures.

Vanquished Creatures
  A necrophage (D:6)
  A scorpion (D:4)
  Crazy Yiuf (D:2)
  Jessica (D:2)
  Terence (D:2)
  5 gnolls
  2 adders
  2 worms
  3 dart slugs (D:1)
  2 orcs
  5 endoplasms
  3 giant cockroaches
  7 goblins
  4 hobgoblins
  8 jackals (D:1)
  A kobold (D:2)
  2 quokkas
  A ball python (D:2)
  4 bats
  4 frilled lizards
  4 rats
62 creatures vanquished.

Vanquished Creatures (others)
  A fungus (D:2)
  11 plants (D:5)
12 creatures vanquished.

Grand Total: 74 creatures vanquished

Notes
Turn   | Place    | Note
-------+----------+-------------------------------------------
     0 | D:1      | Deminshera the Kobold Brigand began the quest for the Orb.
     0 | D:1      | Reached XP level 1. HP: 12/12 MP: 1/1
    85 | D:1      | Reached XP level 2. HP: 18/18 MP: 2/2
   623 | D:1      | Found a faded altar of an unknown god.
   650 | D:1      | Reached XP level 3. HP: 14/22 MP: 3/3
  1911 | D:2      | Reached XP level 4. HP: 28/28 MP: 4/4
  2170 | D:2      | Noticed Terence
  2174 | D:2      | Killed Terence
  2175 | D:2      | Reached skill level 6 in Stealth
  2264 | D:2      | Reached XP level 5. HP: 32/32 MP: 5/5
  2299 | D:2      | Reached skill level 5 in Short Blades
  2619 | D:2      | Found a basalt altar of Yredelemnul.
  2833 | D:2      | Found a runed translucent door.
  2836 | D:2      | Noticed Crazy Yiuf
  3100 | D:2      | Noticed Jessica
  3104 | D:2      | Killed Jessica
  3465 | D:2      | Killed Crazy Yiuf
  3466 | D:2      | Reached XP level 6. HP: 32/37 MP: 6/6
  3884 | D:3      | You fall into a shaft and drop 3 floors!
  3884 | D:6      | Noticed an orc warrior
  3936 | D:6      | Noticed a water moccasin
  3995 | D:6      | Noticed a necrophage
  4001 | D:6      | Killed a necrophage
  4027 | D:5      | Entered Level 5 of the Dungeon
  4118 | D:5      | Found a staircase to the Ecumenical Temple.
  4119 | D:5      | Noticed Pikel
  4141 | D:4      | Reached skill level 7 in Stealth
  4141 | D:4      | Reached XP level 7. HP: 4/43 MP: 7/7
  4875 | D:4      | Killed from afar by Pikel

Illustrated notes

Levels and vault maps discovered:
D:1:      eino_arrival_water_star, layout_loops_ring, basic_ecumenical_altar
D:2:      layout_loops_corners, basic_altar, item_on_display_a, uniq_jessica,
          uniq_crazy_yiuf_cottage, uniq_terence
D:3:      layout_basic, ashenzari_altar_1, serial_shops, shop_fountains,
          gup_sewer_entry_glass, uniq_ijyb
D:4:      layout_rooms, nicolae_tso_besieged_by_evil,
          minmay_fractal_squares_gapless_5
D:5:      layout_rooms, minmay_temple_entry_glass, nicolae_grassy_gnolls,
          uniq_pikel
D:6:      layout_loops_ring, nicolae_elevator_lobby_asterisk

Skill      XL: |  1  2  3  4  5  6 |
---------------+-------------------+-----
Short Blades   | 3 4 5 6 |  6.7
Fighting       | 3 4 |  4.2
Stealth        | 6 7 |  7.1
Throwing       | |  2.1
Dodging        | |  1.2

Action                   |  1- 3 |  4- 6 |  7- 9 || total
-------------------------+-------+-------+-------++-------
Melee: Dagger            |    68 |    85 |    10 ||   163
Throw: Dart              |     7 |     1 |       ||     8
  Use: Scroll            |       |     5 |       ||     5
 Stab: Sleeping          |    19 |     8 |     1 ||    28
       Distracted        |       |     2 |       ||     2
Armor: Robe              |    13 |       |       ||    13
       Ring mail         |       |    20 |     2 ||    22
Dodge: Dodged            |    25 |    38 |     6 ||    69

Table legend: (Time is in decaauts)
 A = Elapsed time spent in this place.
 B = Non-inter-level travel time spent in this place.
 C = Inter-level travel time spent in this place.
 D = Time resting spent in this place.
 E = Time spent auto-exploring this place.
 F = Levels seen in this place.
 G = Mean time per level.
                   A        B        C        D        E       F      G
               +--------+--------+--------+--------+--------+-----+--------+
         Total |   4824 |   4645 |    179 |   1892 |   1873 |   6 |  804.0 |
       Dungeon |   4824 |   4645 |    179 |   1892 |   1873 |   6 |  804.0 |
               +--------+--------+--------+--------+--------+-----+--------+

Top non-repeatable levels by time:
     D:2: 1861 daAuts
     D:1: 1775 daAuts
     D:4: 716 daAuts
     D:3: 204 daAuts
     D:6: 142 daAuts
     D:5: 125 daAuts
